 Dungeon Crawl Stone Soup version 0.15-a0-1345-gc375f20 (webtiles) character file.

1082 Quh the Cudgeler (level 8, -1/88 HPs)
             Began as a Demonspawn Abyssal Knight on June 8, 2014.
             Was an Elder of Lugonu.
             Slain by Chiseanne's ghost (3 damage)
             ... on Level 6 of the Dungeon.
             The game lasted 00:33:59 (5203 turns).

Quh the Cudgeler (Demonspawn Abyssal Knight)        Turns: 5203, Time: 00:33:59

HP  -1/88        AC 24     Str 14      XL: 8   Next:  8%
MP  10/11        EV  2     Int 15      God: Lugonu [****..]
Gold 237         SH  9     Dex 12      Spells:  0 memorised,  7 levels left

rFire  + . .     SeeInvis +     J - +4,+2 hammer (crush)
rCold  + . .     Clarity  .     R - melded +0 plate armour
rNeg   + + +     rCorr    .     d - +2 shield
rPois  +         rRot     .     (no helmet)
rElec  +         Spirit   .     H - melded +0 cloak
SustAb .         Warding  +     m - melded +0 pair of gloves
rMut   .         NoTele   +     (boots currently unavailable)
Gourm  .                        n - amulet of warding
MR     .....                    b - ring of invisibility
                                v - ring of see invisible

@: tree-form, resistant, very heavily drained, not resistant to hostile
enchantments, very unstealthy
A: (talons 0), (iridescent scales 0), (spiny 0)
a: Depart the Abyss, Bend Space, Banish, Corrupt, Renounce Religion, Evoke
Invisibility


You were on level 6 of the Dungeon.
You worshipped Lugonu.
Lugonu was greatly pleased with you.
You were hungry.
You were an animated tree.
You visited 2 branches of the dungeon, and saw 7 of its levels.
You visited the Abyss 1 time.

You collected 237 gold pieces.

Inventory:

Hand weapons
 G - a +0,+0 hammer of protection
 J - a +4,+2 hammer of crushing (weapon)
Missiles
 f - 151 stones
 u - 60 arrows
 z - 10 poisoned sling bullets
 F - 6 javelins (quivered)
Armour
 d - a +2 shield (worn)
 m - a +0 pair of gloves (melded)
 H - a +0 cloak (melded)
 O - a +0 pair of gloves
 R - a +0 plate armour (melded)
Magical devices
 g - a wand of disintegration (12) {unknown}
Comestibles
 c - 5 bread rations
 l - a slice of pizza
 x - 2 fruits
Scrolls
 e - a scroll of immolation {unknown}
 h - a scroll of random uselessness {unknown}
 i - 3 scrolls of fear
 o - a scroll of enchant weapon I
 q - a scroll of teleportation
 r - a scroll of recharging
 s - a scroll of noise {unknown}
 w - 4 scrolls of identify
 K - 2 scrolls of remove curse
 M - 2 scrolls of fog {unknown}
 P - a scroll of blinking {unknown}
Jewellery
 b - a ring of invisibility (right branch)
 n - an amulet of warding (around neck)
 v - a ring of see invisible (left branch)
 y - an uncursed ring of teleportation
Potions
 a - a potion of restore abilities
 j - 5 potions of curing
 k - a potion of flight
 p - a potion of haste
 A - a potion of porridge
 B - a potion of paralysis {unknown}
 C - a potion of might {unknown}
 D - a potion of resistance
 L - a potion of agility {unknown}
 S - a potion of degeneration {unknown}
Magical staves
 E - a cursed staff of summoning {unknown}


   Skills:
 - Level 3.6(0.0) Fighting
 * Level 7.8(0.0) Maces & Flails
 - Level 4.0(0.0) Armour
 - Level 0.8(0.0) Dodging
 - Level 2.6(0.0) Invocations


You had 7 spell levels left.
You didn't know any spells.

Dungeon Overview and Level Annotations

Branches:
Dungeon (6/15)             Temple (1/1) D:4

Altars:
Cheibriados
Dithmenos
Elyvilon
Fedhas
Makhleb
Nemelex Xobeh
Sif Muna
Trog
Vehumet
Xom
Yredelemnul
The Shining One

Annotations:
D:6 Chiseanne's ghost, experienced DsFi


Innate Abilities, Weirdness & Mutations

((You have sharp toenails.))*
((You are mostly covered in iridescent scales (AC +6).))*
((You are mostly covered in sharp spines.))*


Message History

Chiseanne's ghost says, "You're as good as gold."
Chiseanne's ghost hits you.
* * * LOW HITPOINT WARNING * * *
You partially resist.
You feel drained.
The worker ant bites you but does no damage.
You block Chiseanne's ghost's attack.
Drink which item? (? for menu, Esc to quit)
You feel protected.
It was a potion of resistance.
You block the worker ant's attack.
Chiseanne's ghost is struck by your spines.
Chiseanne's ghost hits you but does no damage.
You partially resist.
You feel drained.
Unknown command.
Drink which item? (? for menu, Esc to quit)
You turn into an animated tree.
Your +0 cloak melds into your body.
Your +0 pair of gloves melds into your body.
Your +0 plate armour melds into your body.
Your roots penetrate the ground.
It was a potion of lignification.
You block the worker ant's attack. Chiseanne's ghost hits you.
You die...

#.........................
#............####%........
#............# #......###
#............# #......#
#............# #......#
.........)....# #.<##..#
..............####..# ..#
............W.......# .#
#..........♣.......#
..........a.......#
.................#
##.####.........# #.
#.$........ #........>#
#....... #...... ...


You could see a worker ant and Chiseanne's ghost.

Vanquished Creatures
  Grinder (D:3)
  2 ice beasts (D:5)
  2 ogres (D:4)
  Sigmund (D:3)
  A scorpion (D:4)
  An eye of draining (D:6)
  A crimson imp (D:5)
  A giant frog skeleton (D:5)
  Crazy Yiuf (D:3)
  An iron imp (Abyss:1)
  Jessica (D:2)
  4 gnolls (D:4)
  5 adders
  A shadow imp (D:5)
  A giant mite (D:3)
  A worm (D:2)
  A gnoll skeleton (D:4)
  3 giant geckos
  An orc (D:5)
  2 ball pythons (D:1)
  11 bats
  A bat skeleton (D:4)
  6 giant cockroaches
  16 hobgoblins
  11 jackals
  4 quokkas
  6 giant newts
  14 goblins
  15 kobolds
  14 rats
130 creatures vanquished.

Notes
Turn   | Place    | Note
--------------------------------------------------------------
     0 | Abyss:1  | Quh, the Demonspawn Abyssal Knight, began the quest for the Orb.
     0 | Abyss:1  | Reached XP level 1. HP: 18/18 MP: 1/1
    21 | Abyss:1  | Noticed an iron imp
    28 | Abyss:1  | Killed an iron imp
    28 | Abyss:1  | Gained mutation: You are partially covered in iridescent scales (AC +4). [demonic ancestry]
    28 | Abyss:1  | Reached XP level 2. HP: 24/24 MP: 2/2
    35 | Abyss:1  | Noticed a harpy simulacrum
    36 | Abyss:1  | Noticed a reaper
    36 | D:1      | Escaped the Abyss
    80 | D:1      | Reached XP level 3. HP: 29/29 MP: 4/4
   163 | D:1      | Acquired Lugonu's first power
   683 | D:1      | Acquired Lugonu's second power
   764 | D:2      | Gained mutation: You are mostly covered in iridescent scales (AC +6). [demonic ancestry]
   764 | D:2      | Reached XP level 4. HP: 28/36 MP: 5/5
  1102 | D:2      | Noticed Jessica
  1112 | D:2      | Killed Jessica
  1409 | D:2      | Acquired Lugonu's third power
  1489 | D:3      | Noticed Sigmund
  1507 | D:3      | Killed Sigmund
  1507 | D:3      | Reached skill level 4 in Maces & Flails
  1507 | D:3      | Reached XP level 5. HP: 28/41 MP: 7/7
  1877 | D:3      | Noticed Crazy Yiuf
  1880 | D:3      | Paralysed by Crazy Yiuf for 4 turns
  1975 | D:3      | Killed Crazy Yiuf
  2119 | D:3      | Noticed Grinder
  2126 | D:3      | Paralysed by Grinder for 3 turns
  2137 | D:3      | Killed Grinder
  2137 | D:3      | Reached skill level 5 in Maces & Flails
  2137 | D:3      | Gained mutation: You are partially covered in sharp spines. [demonic ancestry]
  2137 | D:3      | Reached XP level 6. HP: 32/47 MP: 8/8
  2795 | D:3      | Acquired Lugonu's fourth power
  2909 | D:4      | Gained mutation: You are mostly covered in sharp spines. [demonic ancestry]
  2909 | D:4      | Reached XP level 7. HP: 47/52 MP: 9/9
  3290 | D:4      | Found a staircase to the Ecumenical Temple.
  3309 | Temple   | Entered the Ecumenical Temple
  3444 | D:4      | Reached skill level 6 in Maces & Flails
  3885 | D:5      | Entered Level 5 of the Dungeon
  3911 | D:5      | Reached skill level 7 in Maces & Flails
  4551 | D:5      | Gained mutation: You have sharp toenails. [demonic ancestry]
  4551 | D:5      | Reached XP level 8. HP: 19/59 MP: 11/11
  5112 | D:6      | Noticed Chiseanne's ghost (experienced DsFi)
  5201 | D:6      | HP: 1/59 [Chiseanne's ghost (6)]
  5203 | D:6      | Slain by Chiseanne's ghost

Action                   |  1- 3 |  4- 6 |  7- 9 || total
-------------------------+-------+-------+-------++-------
Melee: Mace              |   130 |   170 |       ||   300
       Hammer            |       |    58 |   245 ||   303
Throw: Stone             |     2 |     9 |       ||    11
       Javelin           |       |     2 |     6 ||     8
Invok: Depart the Abyss  |     1 |       |       ||     1
       Banish            |       |       |     1 ||     1
  Use: Scroll            |       |     3 |     5 ||     8
       Potion            |       |     1 |     3 ||     4
